 Dungeon Crawl Stone Soup version 0.29.1-1-gd02db6906a (webtiles) character file.

Game seed: 4998759501451680253

52159 raistware the Destroyer (level 14, -31/85 HPs)
             Began as an Octopode Conjurer on Sept 26, 2022.
             Was a High Priest of Vehumet.
             Annihilated by a cyclops (34 damage)
             ... on level 1 of the Orcish Mines.
             The game lasted 00:56:32 (20307 turns).

raistware the Destroyer (Octopode Conjurer)        Turns: 20307, Time: 00:56:33

Health: -31/85     AC:  2    Str:  6    XL:     14   Next: 62%
Magic:  32/32      EV: 15    Int: 25    God:    Vehumet [*****.]
Gold:   1148       SH:  6    Dex: 17    Spells: 21/41 levels left

rFire   + . .      SeeInvis .   g - staff of conjuration
rCold   + . .      Faith    .   z - +1 buckler {rC+ rF+}
rNeg    . . .      Spirit   .   h - +1 hat {Stlth+}
rPois   .          Reflect  .   w - amulet of magic regeneration
rElec   .          Harm     .   l - +6 ring of dexterity
rCorr   +          Rampage  .   G - ring of resist corrosion
Will    +....                   (no ring)
Stlth   ++++......              (no ring)
HPRegen 0.24/turn               (no ring)
MPRegen 0.63/turn               (no ring)
                                (no ring)
                                (no ring)

@: no status effects
A: almost no armour, amphibious, 8 rings, camouflage 1, gelatinous body 1,
(nimble swimmer 1), tentacles
a: Renounce Religion


You were on level 1 of the Orcish Mines.
You worshipped Vehumet.
Vehumet was extremely pleased with you.
You visited 3 branches of the dungeon, and saw 17 of its levels.
You also visited: Ice Cave.

You collected 1298 gold pieces.
You spent 150 gold pieces at shops.

Inventory:

Missiles
 k - 14 poisoned darts
Armour
 h - a +1 hat of stealth (worn)
 z - a +1 buckler of resistance (worn)
Magical Staves
 g - a staff of conjuration (weapon)
 H - a staff of air
Jewellery
 l - a +6 ring of dexterity (left tentacle)
 w - an amulet of magic regeneration (around mantle)
 G - a ring of resist corrosion (right tentacle)
Wands
 i - a wand of flame (21)
 j - a wand of acid (9)
 n - a wand of digging (7)
 p - a wand of mindburst (12)
 I - a wand of iceblast (5)
Scrolls
 c - 3 scrolls of enchant weapon
 d - 2 scrolls of vulnerability
 m - 3 scrolls of noise
 o - 3 scrolls of enchant armour
 q - a scroll of butterflies {unknown}
 r - 7 scrolls of immolation
 v - 7 scrolls of teleportation
 x - 2 scrolls of poison
 y - a scroll of magic mapping
 A - a scroll of silence {unknown}
 C - 4 scrolls of torment
 E - a scroll of amnesia {unknown}
 F - a scroll of brand weapon {unknown}
 J - a scroll of summoning
Potions
 a - 5 potions of lignification
 b - 8 potions of flight
 e - 3 potions of mutation
 f - 10 potions of curing
 s - a potion of resistance
 t - 3 potions of heal wounds
 u - 3 potions of invisibility
 B - a potion of berserk rage {unknown}
 D - 2 potions of brilliance


   Skills:
 - Level 4.0 Fighting
 + Level 2.3 Staves
 + Level 4.6 Dodging
 - Level 3.0 Stealth
 + Level 4.6 Shields
 + Level 14.1 Spellcasting
 + Level 14.1 Conjurations
 - Level 2.0 Translocations
 + Level 12.1 Fire Magic
 - Level 4.0 Evocations


You had 21 spell levels left.
You knew the following spells:

 Your Spells              Type           Power      Damage    Failure   Level
a - Magic Dart            Conj           100%       1d8       0%          1
b - Iskenderun's Mystic   Conj/Tloc      72%        2d15      1%          4
c - Stone Arrow           Conj/Erth      100%       3d13      1%          3
d - Sticky Flame          Conj/Fire      90%        2d10      1%          4
e - Inner Flame           Hex/Fire       48%        N/A       1%          3
f - Fireball              Conj/Fire      45%        3d18      1%          5

Your spell library contained the following spells:

 Spells                   Type           Power      Damage    Failure   Level
 Hailstorm                Conj/Ice       68%        3d14      1%          4
 Searing Ray              Conj           100%       2d8       0%          2
 Sandblast                Erth           34%        2d9       1%          1
 Shock                    Conj/Air       100%       1d9       1%          1
 Poisonous Vapours        Pois/Air       34%        N/A       1%          2
 Conjure Flame            Conj/Fire      90%        6-21      1%          3
 Dazzling Flash           Conj/Hex       100%       N/A       1%          3
 Ignite Poison            Fire/Tmut/Pois 37%        N/A       1%          3
 Fulminant Prism          Conj/Hex       34%        3d16      1%          4
 Starburst                Conj/Fire      45%        6d13      1%          6
 Gell's Gravitas          Tloc           27%        N/A       5%          3
 Lesser Beckoning         Tloc           27%        N/A       5%          3
 Teleport Other           Tloc           27%        N/A       5%          3
 Passwall                 Tmut/Erth      14%        N/A       6%          2
 Portal Projectile        Hex/Tloc       44%        N/A       9%          3
 Airstrike                Air            8%         2d(2-18)  11%         4
 Swiftness                Air            17%        N/A       12%         3
 Tukima's Dance           Hex            17%        N/A       12%         3
 Cause Fear               Hex            8%         N/A       38%         4
 Corpse Rot               Necr/Pois/Air  17%        N/A       38%         4
 Dispel Undead            Necr           17%        3d10      38%         4
 Blade Hands              Tmut           8%         N/A       75%         5
 Death Channel            Necr           8%         N/A       99%         6
 Discord                  Hex            8%         N/A       100%        8


Dungeon Overview and Level Annotations

Branches:
Dungeon (11/15)            Temple (0/1) D:7            Lair (5/5) D:11
 Shoals (0/4) Lair:3       Spider (0/4) Lair:3        Slime (0/5) Lair:4
    Orc (1/2) D:11          IceCv (visited)

Altars:
Hepliaklqana
Kikubaaqudgha
Makhleb
Okawaru
Qazlal
Uskayaw
Vehumet
Yredelemnul
Zin
Jiyva

Shops:
D:3 [   D:5 *   D:8 !

Annotations:
D:6 2 transporters, Aryth's ghost, novice TrGl
Lair:1 3 runed translucent doors, diceflayer's ghost, novice DsFi
Lair:5 2 runed translucent doors, exclusion: fire dragon


Innate Abilities, Weirdness & Mutations

You cannot wear most types of armour.
You are amphibious.
You can wear up to eight rings at the same time.
Your skin changes colour to match your surroundings (Stealth+).
Your rubbery body absorbs attacks. (AC +1, EV +1)
((You are camouflaged when in or above water. (Stealth+)))
You have tentacles for arms and can constrict up to eight enemies at once.


Message History

Casting: Iskenderun's Mystic Blast (safe; 1% risk of failure)
Confirm with . or Enter, or press ? or * to list all spells.
Aiming: Inner Flame (safe; 1% risk of failure)
Press: ? - help, Dir - move target, f - orc, p - ettin
Aim: an orc, wielding a +0 club and quivering silver boomerangs (chance to affect: 98%)
The orc is filled with an inner flame.
An ogre comes into view. It is wielding a +0 giant club.
The orc throws a silver boomerang.
The silver boomerang hits you but does no damage.
Casting: Inner Flame (safe; 1% risk of failure)
Confirm with . or Enter, or press ? or * to list all spells.
You don't have enough magic to cast this spell.
Casting: Inner Flame (safe; 1% risk of failure)
Confirm with . or Enter, or press ? or * to list all spells.
You don't have enough magic to cast this spell.
Unknown command.
Casting: Inner Flame (safe; 1% risk of failure)
Confirm with . or Enter, or press ? or * to list all spells.
You don't have enough magic to cast this spell.
Unknown command.
Aiming: Corrosive Bolt
Press: ? - help, Shift-Dir - straight line, p - orc
Okay, then.
The orc throws a silver boomerang.
The silver boomerang misses you.
The cyclops throws a large rock.
The large rock misses you.
You climb upwards.
Welcome back to the Dungeon!
There is a staircase to the Orcish Mines here.
You start resting.
Magic restored.
You start resting.
HP restored.
You climb downwards.
Welcome back to the Orcish Mines!
The ettin barely misses you.
The ettin hits you with a +2 dire flail of protection!!
You block the troll's attack. The troll claws you! The troll claws you.
A two-headed ogre comes into view.
It is wielding a +0 great mace and a +0 giant spiked club.
The ogre hits you with a +0 giant club!!
* * * LOW HITPOINT WARNING * * *
The cyclops hits you!!
You die...

## #O.#... ##
#.#..#....
###.##.........
#......(.......
...............
.......O.......
........o......
......O@C.[.[..
#####..CT[O.)..
#....)[).).
##...#.....
##.####.#. ###
.. .


You could see an ettin, a two-headed ogre (wandering), a cyclops, a troll, 3
ogres and an orc.

Vanquished Creatures
  Gastronok (Lair:3)
  An ettin (D:11)
  3 boulder beetles
  9 hydras
  A death knight (D:11)
  5 death yaks (Lair:5)
  A two-headed ogre (D:10)
  A tengu warrior (D:11)
  A fire crab (Lair:5)
  2 deep elf pyromancers
  3 cyclopes
  2 ugly things (IceCv)
  9 elephants (Lair:5)
  10 black mambas
  4 ice statues
  2 molten gargoyles (Lair:5)
  2 unseen horrors (D:11)
  2 gargoyles (D:11)
  12 cane toads
  A freezing wraith (Lair:3)
  A rime drake (Lair:4)
  11 komodo dragons
  A troll (D:11)
  3 polar bears
  2 hornets
  9 blink frogs (Lair:5)
  A snapping turtle (Lair:3)
  A hornet (shapeshifter) (D:11)
  7 dream sheep (Lair:5)
  2 wraiths
  3 culicivoras (Lair:3)
  6 wyverns
  2 basilisks
  26 yaks
  4 steam dragons
  A redback (Lair:3)
  3 wargs
  A harpy simulacrum (IceCv)
  14 water moccasins
  5 hell hounds (Lair:5)
  A hydra simulacrum (IceCv)
  2 sky beasts
  5 black bears
  6 ice beasts
  3 orc warriors
  2 ogres
  6 wolves
  5 centaurs
  A phantom (D:5)
  Blork the orc (D:4)
  9 bullfrogs
  A necrophage (D:5)
  2 gnoll sergeants
  3 scorpions
  2 cane toad simulacra (IceCv)
  3 wights (D:4)
  11 killer bees (D:10)
  8 howler monkeys
  6 lava snakes
  5 hounds
  A jelly (D:4)
  5 orc priests
  3 iguanas
  15 orc wizards
  3 polar bear simulacra (IceCv)
  A wolf simulacrum (IceCv)
  7 gnolls
  12 adders
  14 white imps
  2 ufetubi
  2 worms
  3 dart slugs
  43 orcs
  10 ball pythons
  6 endoplasms
  2 giant cockroaches
  8 goblins
  4 hobgoblins
  9 kobolds
  6 quokkas
  6 bats
  3 frilled lizards
  3 rats
425 creatures vanquished.

Vanquished Creatures (others)
  26 fungi
  39 plants
65 creatures vanquished.

Grand Total: 490 creatures vanquished

Notes
Turn   | Place    | Note
-------+----------+-------------------------------------------
     0 | D:1      | raistware the Octopode Conjurer began the quest for the
                  | Orb.
     0 | D:1      | Reached XP level 1. HP: 11/11 MP: 3/3
   200 | D:1      | Reached XP level 2. HP: 13/17 MP: 3/5
  1208 | D:2      | Reached XP level 3. HP: 21/21 MP: 1/7
  1514 | D:2      | Found a burning altar of Makhleb.
  1927 | D:2      | Reached XP level 4. HP: 27/27 MP: 6/9
  2029 | D:2      | Learned a level 4 spell: Iskenderun's Mystic Blast
  2180 | D:2      | Reached skill level 1 in Translocations
  2595 | D:3      | Found Maumoaj's Antique Armour Boutique.
  2700 | D:3      | Found a faded altar of an unknown god.
  2819 | D:3      | Found a glowing silver altar of Zin.
  2829 | D:3      | Reached XP level 5. HP: 11/31 MP: 2/11
  3382 | D:4      | Reached skill level 1 in Fighting
  3641 | D:4      | Reached skill level 5 in Spellcasting
  3641 | D:4      | Reached XP level 6. HP: 38/38 MP: 5/13
  3765 | D:4      | Noticed Blork the orc
  3777 | D:4      | Killed Blork the orc
  4376 | D:4      | Reached XP level 7. HP: 24/43 MP: 11/16
  4811 | D:5      | Entered Level 5 of the Dungeon
  4842 | D:5      | Reached skill level 1 in Evocations
  4956 | D:5      | Found a radiant altar of Vehumet.
  5246 | D:5      | Became a worshipper of Vehumet
  5521 | D:5      | Reached XP level 8. HP: 38/48 MP: 19/19
  5812 | D:5      | Reached skill level 1 in Staves
  5938 | D:5      | Identified the +0 leather armour of Ystrec {rPois Will+
                  | Str+2 Int-3}
  5984 | D:5      | Found a hazy altar of Hepliaklqana.
  6011 | D:5      | Found Ugatut's Assorted Antiques.
  6016 | D:5      | Bought a white potion for 22 gold pieces
  6016 | D:5      | Bought a white potion for 22 gold pieces
  6016 | D:5      | Bought a viscous grey potion for 22 gold pieces
  6361 | D:6      | Reached skill level 5 in Conjurations
  6621 | D:6      | Reached * piety under Vehumet
  6621 | D:6      | Offered knowledge of Shock by Vehumet.
  6765 | D:6      | Found a transporter.
  6768 | D:6      | Found a transporter.
  6769 | D:6      | Noticed Aryth's ghost (novice TrGl)
  6793 | D:6      | Reached XP level 9. HP: 24/53 MP: 13/21
  7225 | D:6      | Found an ancient bone altar of Kikubaaqudgha.
  7404 | D:7      | Found a staircase to the Ecumenical Temple.
  7426 | D:7      | Learned a level 3 spell: Stone Arrow
  8281 | D:8      | Found Boraru's Distillery.
  8287 | D:8      | Bought a potion of degeneration for 12 gold pieces
  8287 | D:8      | Bought a potion of curing for 36 gold pieces
  8287 | D:8      | Bought a potion of lignification for 36 gold pieces
  8469 | D:8      | Noticed a deep elf pyromancer
  8528 | D:8      | Killed a deep elf pyromancer
  8529 | D:8      | Reached skill level 10 in Spellcasting
  8530 | D:8      | Reached ** piety under Vehumet
  8530 | D:8      | Offered knowledge of Static Discharge by Vehumet.
  8532 | D:8      | Reached XP level 10. HP: 42/58 MP: 9/24
  8713 | D:8      | Found a basalt altar of Yredelemnul.
  8714 | D:8      | Found an iron altar of Okawaru.
  9992 | D:10     | Entered Level 10 of the Dungeon
 10007 | D:10     | Noticed a boulder beetle
 10021 | D:10     | Killed a boulder beetle
 10204 | D:9      | Noticed a deep elf pyromancer
 10213 | D:9      | Killed a deep elf pyromancer
 10398 | D:10     | Noticed a two-headed ogre
 10405 | D:10     | Killed a two-headed ogre
 10423 | D:10     | Found a hide-covered altar of Uskayaw.
 10460 | D:10     | Reached XP level 11. HP: 53/63 MP: 20/28
 10572 | D:10     | Found a stormy altar of Qazlal.
 10587 | D:10     | Identified the +4 dagger of Seosy {freeze, Int+4}
 10729 | D:10     | Offered knowledge of Scorch by Vehumet.
 10730 | D:10     | Reached skill level 1 in Shields
 11106 | D:11     | Noticed a four-headed hydra
 11110 | D:11     | Killed a four-headed hydra
 11253 | D:11     | Noticed a boulder beetle
 11309 | D:11     | Reached *** piety under Vehumet
 11425 | D:11     | Found a staircase to the Orcish Mines.
 11458 | D:11     | Killed a boulder beetle
 11816 | D:11     | Offered knowledge of Airstrike by Vehumet.
 12030 | D:11     | Found a staircase to the Lair.
 12105 | D:11     | Noticed a cyclops
 12107 | D:11     | Killed a cyclops
 12180 | D:11     | Found a runed translucent door.
 12300 | D:11     | Noticed a cyclops
 12637 | D:11     | Killed a cyclops
 12638 | D:11     | Reached skill level 10 in Conjurations
 12645 | D:11     | Noticed a tengu warrior
 12654 | D:11     | Noticed an ettin
 12659 | D:11     | Killed a tengu warrior
 12661 | D:11     | Noticed a death knight
 12670 | D:11     | Killed an ettin
 12671 | D:11     | Reached XP level 12. HP: 44/68 MP: 4/30
 12899 | D:11     | Killed a death knight
 13159 | Lair:1   | Entered Level 1 of the Lair of Beasts
 13198 | Lair:1   | Noticed a seven-headed hydra
 13210 | Lair:1   | Killed a seven-headed hydra
 13258 | Lair:1   | Found a frozen archway.
 13264 | Lair:1   | Reached **** piety under Vehumet
 13274 | Lair:1   | Learned a level 4 spell: Sticky Flame
 13278 | Lair:1   | Learned a level 3 spell: Inner Flame
 13279 | IceCv    | Entered an ice cave
 13303 | IceCv    | Offered knowledge of Fireball by Vehumet.
 13310 | IceCv    | Learned a level 5 spell: Fireball
 13859 | Lair:1   | Noticed diceflayer's ghost (novice DsFi)
 13865 | Lair:1   | Found a runed translucent gate.
 13865 | Lair:1   | Found a runed translucent gate.
 13950 | Lair:1   | Found a runed translucent gate.
 14615 | Lair:2   | Noticed a five-headed hydra
 14632 | Lair:2   | Killed a five-headed hydra
 14871 | Lair:2   | You fall into a shaft and drop 1 floor!
 14887 | Lair:3   | Noticed a seven-headed hydra
 15000 | Lair:2   | Reached skill level 1 in Fire Magic
 15023 | Lair:2   | Noticed a boulder beetle
 15035 | Lair:2   | Killed a boulder beetle
 15670 | Lair:3   | Found a staircase to the Shoals.
 15684 | Lair:3   | Reached XP level 13. HP: 72/72 MP: 7/31
 15921 | Lair:3   | Reached skill level 5 in Fire Magic
 16117 | Lair:3   | Noticed Gastronok
 16390 | Lair:3   | Reached ***** piety under Vehumet
 16397 | Lair:3   | Offered knowledge of Yara's Violent Unravelling by Vehumet.
 16619 | Lair:3   | Identified the +9 hand axe "Qerud" {flame, rElec rCorr MP-9
                  | Dex-5}
 16732 | Lair:3   | Killed Gastronok
 16807 | Lair:3   | Found a hole to the Spider Nest.
 17441 | Lair:4   | Found a staircase to the Slime Pits.
 17442 | Lair:4   | Found a viscous altar of Jiyva.
 17858 | Lair:5   | Entered Level 5 of the Lair of Beasts
 18051 | Lair:5   | Identified the +0 leather armour "Ciaru" {Int+7 Dex+4}
 18428 | Lair:5   | Reached XP level 14. HP: 85/85 MP: 21/32
 18526 | Lair:5   | Reached skill level 10 in Fire Magic
 19248 | Lair:5   | Found a large runed translucent door.
 19699 | Lair:5   | Found a large runed translucent door.
 19716 | Lair:5   | Offered knowledge of Hailstorm by Vehumet.
 20074 | Orc:1    | Entered Level 1 of the Orcish Mines
 20307 | Orc:1    | HP: 3/85 [ogre/+0 giant club (35)]
 20307 | Orc:1    | Annihilated by a cyclops

Illustrated notes

Levels and vault maps discovered:
D:1:      lightli_arrival_flooded_house, layout_basic
D:2:      layout_loops_ring, basic_altar, grunt_ministairs_7,
          corexii_item_surrounded_by_moat, kennysheep_minor_cross,
          minmay_bisected
D:3:      layout_rooms, marbit_many_paths, ebering_ecumenical_altar_sacrificial,
          serial_shops, nicolae_shop_overgrown_old_shop
D:4:      layout_basic, kennysheep_generic_room_16, uniq_blork_the_orc
D:5:      layout_loops_corners, nicolae_overflow_crystal_walls,
          worldfamousw_hep_ancestral_shrine, serial_shops,
          nicolae_shop_hallway_plus
D:6:      layout_rooms, kennysheep_mini_moat, gammafunk_ghost_hive
D:7:      layout_loops_ring, minmay_temple_entry_tees
D:8:      minmay_chambers_of_fours, layout_basic, nicolae_overflow_squiral,
          serial_shops, shop, minivault_23
D:9:      layout_rooms, interstate_on_off
D:10:     layout_cave_pools, nicolae_uskayaw_suspiria, grunt_qazlal_sundering
D:11:     layout_rooms, grunt_lair_entry_orc_guard_hut, david_orc_3,
          kennysheep_diamond, minivault_26, lightli_airlock
Lair:1:   layout_long_grid, portal_ice_cave_entry_imps, gammafunk_ghost_split,
          grunt_megastairs_5
Lair:2:   layout_regular_city
Lair:3:   layout_long_grid, minmay_shoals_entry_hut,
          spider_nest_entry_funnel_web, ice2_lemuel, uniq_gastronok
Lair:4:   layout_small_grid, slime_entry_1
Lair:5:   cheibrodos_lair_end_hotspot, layout_hall_layers, lemuel_fruit_tree
Orc:1:    giant_chief_lemuel, layout_diamond_mine

Skill      XL: |  1  2  3  4  5  6  7  8  9 10 11 12 13 14 |
---------------+-------------------------------------------+-----
Spellcasting   | 3 4 5 6 7 8 10 13 14 | 14.1
Stealth        | 3 |  3.0
Translocations | 2 |  2.0
Fighting       | 1 4 |  4.0
Evocations     | 1 4 |  4.0
Staves         | 1 2 |  2.3
Conjurations   | 7 8 10 14 | 14.1
Shields        | 4 |  4.6
Dodging        | 3 4 |  4.6
Fire Magic     | 3 9 12 | 12.1

Action                   |  1- 3 |  4- 6 |  7- 9 | 10-12 | 13-15 || total
-------------------------+-------+-------+-------+-------+-------++-------
Melee: Unarmed           |     7 |       |       |       |       ||     7
       Constrict         |     4 |     2 |    14 |     9 |     2 ||    31
       Staff             |       |     5 |    52 |    29 |     7 ||    93
       Tentacles         |       |     2 |    21 |     8 |     4 ||    35
       Punch             |       |       |     2 |     1 |       ||     3
Throw: Dart              |       |       |       |    11 |       ||    11
 Cast: Magic Dart        |    74 |   119 |    98 |    33 |    46 ||   370
       Iskenderun's Myst |       |     3 |    27 |    82 |    72 ||   184
       Stone Arrow       |       |       |    17 |   162 |   201 ||   380
       Fireball          |       |       |       |    13 |    10 ||    23
       Sticky Flame      |       |       |       |     2 |     1 ||     3
       Inner Flame       |       |       |       |     2 |     1 ||     3
Evoke: Wand              |       |     2 |     2 |    12 |       ||    16
  Use: Potion            |       |     1 |       |     1 |       ||     2
       Scroll            |       |       |       |    15 |     5 ||    20
 Stab: Sleeping          |     1 |       |     3 |       |       ||     4
Armor: Skin              |     3 |     1 |    10 |     4 |     4 ||    22
Dodge: Dodged            |    15 |    19 |    61 |    45 |    34 ||   174
Block: Buckler           |       |       |       |    16 |    15 ||    31
